Unix NetHack Version 5.0.0-0 post-release - last build Jun 10 2026 00:39:30 (3ee93aec679c4c4259841fe613dc97188e26a321,branch:main).

Game began 2026-06-16 20:01:18, ended 2026-06-17 07:02:53.

LDaviesPeters, neutral female human Archeologist

                                           ---
                                       ----..--               ...-
                                      --.[.....-           ---....-
                                      -^.[...<..           .G@.....----
                                      ..--......            --.*.........
                                       . ---...              ---..........
                                            -                   -..........
                                                                 ...---....
                                                                      ---..

LDaviesPeters the Field Worker  St:12 Dx:11 Co:14 In:15 Wi:16 Ch:11  Neutral
Dlvl:3  $:0  HP:0(40) Pw:20(20) AC:5  Xp:4 T:2769 

Latest messages:
 You miss the dwarf.
 The dwarf swings his thonged club.
 The dwarf hits!
 You lash the dwarf.
 You miss the dwarf.
 The kitten misses the dwarf.
 You miss the dwarf.
 The kitten bites the dwarf.
 The dwarf swings his thonged club.
 The dwarf misses!
 The kitten bites the dwarf.
 The dwarf is killed!
 There are several objects here.
 There is a dwarf corpse here; eat it? [ynq] (n) y
 This dwarf corpse tastes terrible!
 You finish eating the dwarf corpse.
 t - a dagger.
 What do you want to drop? [abdf-hjp-t or ?*] ?
 You drop a dagger.
 You see here a dagger.
 t - a dagger.
 You materialize in a different location!
 What do you want to use or apply? [abfgjp or ?*] j
 Your candle's flame burns brightly!
 You lash the gnome.
 You kill the gnome!
 You decipher the label on your scroll labeled PHOL ENDE WODAN.
 u - a scroll of identify.
 You kill the gnome!
 The gnome picks up a bow.
 You kill the gnome!
 The gnome wields 5 daggers!
 The gnome picks up a bow.
 You kill the gnome!
 There are several objects here.
 The gnome lord wields 3 daggers!
 You lash the gnome lord.
 You hear some noises in the distance.
 You lash the gnome lord.
 The gnome lord thrusts one of his daggers.
 The gnome lord hits!
 You lash the gnome lord.
 You miss the gnome lord.
 The gnome lord thrusts one of his daggers.
 The gnome lord hits!
 You lash the gnome lord.
 The gnome lord thrusts one of his daggers.
 The gnome lord hits!
 You die...
 Do you want your possessions identified? [ynq] (y) q

Inventory:
 Weapons  (')')
  t - a +0 dagger
  a - a +2 bullwhip (weapon in right hand)
 Armor    ('[')
  q - an uncursed +0 dwarvish iron helm (being worn)
  s - an uncursed +0 pair of iron shoes (being worn)
  h - a blessed +0 leather jacket (being worn)
 Comestibles  ('%')
  d - 5 uncursed food rations
  r - a cursed tripe ration
 Scrolls  ('?')
  u - an uncursed scroll of identify
 Tools    ('(')
  b - an uncursed sack containing 5 items
  p - a +0 pick-axe
  j - a cursed partly used tallow candle (lit)
  f - a tinning kit (0:76)
 Gems/Stones  ('*')
  g - an uncursed touchstone

Contents of the sack:
  86 gold pieces
  an uncursed scroll of enchant weapon
  a blessed scroll of light
  an uncursed scroll of light
  an uncursed scroll of magic mapping

LDaviesPeters the Archeologist's attributes:

Background:
 You were a Field Worker, a level 4 female human Archeologist.
 You were neutral, nominally on a mission for Camaxtli
 who was opposed by Quetzalcoatl (lawful) and Huhetotl (chaotic).
 You were right-handed.
 You were in the Gnomish Mines, on level 3.
 You entered the dungeon 2769 turns ago.
 There was a new moon in effect when your adventure ended.
 You had 129 experience points, 31 more were needed to attain level 5.

Basics:
 You had 0 out of 40 hit points.
 You had all 20 energy points (spell power).
 Your armor class was 5.
 Your wallet was empty, but
 you had 86 zorkmids stashed away in your pack.
 Autopickup was off.

Final Characteristics:
 Your strength was 12 (limit:18/100).
 Your dexterity was 11 (limit:18).
 Your constitution was 14 (limit:18).
 Your intelligence was 15 (limit:18).
 Your wisdom was 16 (limit:18).
 Your charisma was 11 (limit:18).

Final Status:
 You weren't hungry.
 You were unencumbered.
 You were wielding a whip.
 You had basic skill with whip.

Final Attributes:
 You were piously aligned.
 You had automatic searching.
 You were unlucky.
 You are dead.

Miscellaneous:
 You encountered 1 bones level.
 Total elapsed playing time was 1 hour, 3 minutes and 13 seconds.

Major events:
 Turn
    1: LDaviesPeters the neutral female human Archeologist entered the dungeon
  650: entered the Gnomish Mines
 1314: attained the rank of Field Worker (level 3)
 2769: killed by a gnome lord

Spells:
 Name                 Level Category     Fail Retention
 healing                1   healing       50%  76%-100%

Skills:
 Fighting Skills
   bare handed combat [Unskilled]
   two weapon combat  [Unskilled]
   riding             [Unskilled]
 Weapon Skills
   dagger             [Unskilled]
   knife              [Unskilled]
   pick-axe           [Basic]
   short sword        [Unskilled]
   saber              [Unskilled]
   club               [Unskilled]
   quarterstaff       [Unskilled]
   sling              [Unskilled]
   dart               [Unskilled]
   boomerang          [Unskilled]
   whip               [Basic]
   unicorn horn       [Unskilled]
 Spellcasting Skills
   attack spells      [Unskilled]
   healing spells     [Unskilled]
   divination spells  [Unskilled]
   matter spells      [Unskilled]

Voluntary challenges:
 Character rerolling was not enabled.
 You were an atheist.
 You never genocided any monsters.
 You never polymorphed an object.
 You never changed form.
 You used no wishes.
Achievements:
 You entered the Gnomish Mines.
 You entered a shop.
 You attained the rank of Field Worker.

 The Dungeons of Doom: levels 1 to 6
    Level 1:
       A fountain.
    Level 2:
       A fountain.
       Stairs down to The Gnomish Mines.
    Level 3:
       A potion shop, a fountain, a sink.
    Level 4:
    Level 5:
       A fountain.
    Level 6:
       A grave.
       Final resting place for
          greengrass-Wiz-Hum-Mal-Neu, killed by a rabid rat.
 The Gnomish Mines:
    Level 3: <- You were here.
       Final resting place for
          you, killed by a gnome lord.


Vanquished creatures:
  2 dwarves
  a kobold leader
  a wererat
 an iguana
  a hobbit
  a large kobold
  a giant rat
  2 yellow molds
  9 gnomes
  a gnome zombie
  4 geckos
  a jackal
  2 kobolds
  a goblin
  5 grid bugs
  5 lichens
  7 newts
45 creatures vanquished.

No species were genocided or became extinct.

Game over:
                       ----------
                      /          \
                     /    REST    \
                    /      IN      \
                   /     PEACE      \
                  /                  \
                  |  LDaviesPeters   |
                  |      86 Au       |
                  |   killed by a    |
                  |    gnome lord    |
                  |                  |
                  |                  |
                  |       2026       |
                 *|     *  *  *      | *
        _________)/\\_//(\/(/\)/\//\/|_)_______

Goodbye LDaviesPeters the Archeologist...

You died in The Gnomish Mines on dungeon level 3 with 844 points,
and 86 pieces of gold, after 2769 moves.
You were level 4 with a maximum of 40 hit points when you died.

